Diables vs Carnivores
(R1)
Created - November 17, 2018 at 19:17
Goals
|
| Diables |
1 |
0 |
0 |
1 |
| Carnivores |
2 |
1 |
2 |
5 |
|
Shots
|
| Diables |
4 |
11 |
8 |
23 |
| Carnivores |
11 |
12 |
14 |
37 |
|
1st period
1. Carnivores , Scott Laughton 4 (Sasha Pokulok 5) at 7:20
2. Carnivores , Jeremy Welsh 8 (Markus Granlund 6, Nikita Alexeev 8) at 17:48 (PP)
3. Diables , Louis Leblanc 8 (Mikko Lehtonen 4, Nick Bjugstad 15) at 18:41
Penalties :
Louis Leblanc (Alm) for Roughing (Minor) at 1:01, T.J Brodie (Bre) for Fighting (Major) at 9:48, Carl Gunnarsson (Alm) for Fighting (Major) at 9:48, Nick Bjugstad (Alm) for Tripping (Minor) at 10:35, Carl Gunnarsson (Alm) for Roughing (Minor) at 16:08
2nd period
4. Carnivores , Markus Granlund 2 (Nikita Alexeev 9, Jeremy Welsh 4) at 0:47
Penalties :
Brian Dumoulin (Alm) for Tripping (Minor) at 5:51, Blake Geoffrion (Bre) for Hooking (Minor) at 14:19, Keith Seabrook (Alm) for Goalie Interference (Minor) at 18:00, Mat Clark (Bre) for Interference (Minor) at 18:30
3rd period
5. Carnivores , Jeremy Williams 11 (T.J Brodie 9, Blake Geoffrion 15) at 13:38 (PP)
6. Carnivores , Jeremy Welsh 9 (Nikita Alexeev 10, Markus Granlund 7) at 14:35 (PP)
Penalties :
Carl Gunnarsson (Alm) for Hooking (Minor) at 3:15, Nick Bjugstad (Alm) for Roughing (Minor) at 7:14, Brandon Prust (Alm) for Holding (Minor) at 13:32, Brandon Prust (Alm) for Tripping (Minor) at 13:45, Jeff Petry (Alm) for Holding (Minor) at 16:30
Goalie Stats
Malcolm Subban (Alm), 32 saves from 37 shots - (0.865), L, 8-3-1, 60:00 minutes
Niklas Svedberg (Bre), 22 saves from 23 shots - (0.957), W, 4-5-1, 60:00 minutes
Players Stats for Diables
Player Name G A P +/- PIM S H SB GA TA FO MP PP MP PK MP
------------------------------------------------------------------------------------
Andrew O'Brien 0 0 0 0 0 0 0 0 0 0 0/0 4:12 0:00 0:00
Brandon Burlon 0 0 0 -1 0 1 2 2 0 1 0/0 28:19 1:56 9:04
Brandon Prust 0 0 0 -2 4 2 0 0 1 1 10/15 25:44 1:42 6:58
Brian Dumoulin 0 0 0 0 2 0 0 3 0 0 0/0 17:22 0:33 4:42
Carl Gunnarsson 0 0 0 -1 9 0 0 1 0 1 0/0 23:22 1:56 5:33
Christian Thomas 0 0 0 1 0 1 1 0 0 0 0/1 10:06 0:00 0:00
Craig Smith 0 0 0 -2 0 4 2 1 1 0 3/7 23:12 1:42 8:13
Daniel Zaar 0 0 0 0 0 0 0 0 0 0 0/0 2:11 0:00 0:00
Elias Lindholm 0 0 0 0 0 1 0 0 0 0 1/3 5:04 0:00 0:00
Jamie Oleksiak 0 0 0 0 0 2 0 1 0 0 0/0 13:25 0:00 5:00
Jeff Petry 0 0 0 0 2 0 0 2 0 0 0/0 18:11 0:33 5:04
Jordan Caron 0 0 0 0 0 1 0 0 0 0 1/1 13:35 0:47 0:00
Keith Seabrook 0 0 0 0 2 0 0 2 0 1 0/0 5:58 0:00 0:37
Louis Leblanc 1 0 1 1 2 3 2 1 0 1 3/4 12:01 0:00 1:12
Michal Repik 0 0 0 0 0 0 0 0 0 0 1/4 9:15 0:00 4:03
Mikko Lehtonen 0 1 1 1 0 1 2 0 0 1 0/0 10:06 0:00 0:00
Nick Bjugstad 0 1 1 -2 4 4 2 1 1 0 13/26 18:14 1:42 3:17
Pavel Valentenko 0 0 0 0 0 0 0 0 0 0 0/0 9:12 0:00 0:00
Taylor Beck 0 0 0 0 0 3 3 0 1 1 0/1 15:24 0:47 1:48
Tim Schaller 0 0 0 0 0 0 1 0 1 0 5/11 18:27 0:47 4:29
Players Stats for Carnivores
Player Name G A P +/- PIM S H SB GA TA FO MP PP MP PK MP
------------------------------------------------------------------------------------
Anton Gustafsson 0 0 0 0 0 2 0 0 0 0 4/4 8:40 0:00 0:17
Blake Geoffrion 0 1 1 1 2 6 1 0 1 1 1/2 22:56 7:33 0:00
Chris Lawrence 0 0 0 1 0 1 0 0 2 0 3/4 17:15 0:12 1:55
Curtis Lazar 0 0 0 0 0 0 0 0 0 0 0/0 1:32 0:26 0:00
David Schlemko 0 0 0 1 0 1 0 1 0 0 0/0 14:25 0:00 0:26
Frederik Gauthier 0 0 0 0 0 2 0 0 0 0 2/5 2:05 0:00 1:56
Hunter Shinkaruk 0 0 0 0 0 1 0 1 0 1 0/0 7:08 0:00 0:00
Jeremy Welsh 2 1 3 0 0 3 2 0 0 0 0/0 17:46 7:09 0:00
Jeremy Williams 1 0 1 0 0 3 3 1 1 0 0/1 15:59 7:39 0:00
Josh Manson 0 0 0 0 0 0 1 0 0 0 0/0 9:46 0:34 0:00
Mark McNeill 0 0 0 0 0 2 0 0 0 0 1/1 7:25 0:00 0:17
Markus Granlund 1 2 3 0 0 3 2 2 0 0 6/13 17:26 7:09 0:00
Mat Clark 0 0 0 0 2 2 1 2 1 1 0/0 24:04 8:38 0:00
Mattias Backman 0 0 0 0 0 0 0 0 0 0 0/0 6:32 0:34 0:00
Nate Schmidt 0 0 0 0 0 4 0 1 1 0 0/0 29:47 8:39 2:03
Nicolas Kerdiles 0 0 0 0 0 1 1 0 0 0 0/0 9:48 0:12 0:17
Nikita Alexeev 0 3 3 0 0 4 0 1 1 0 0/0 17:46 7:09 0:00
Sasha Pokulok 0 1 1 1 0 1 0 2 0 1 0/0 20:11 6:21 2:03
Scott Laughton 1 0 1 1 0 1 1 1 0 0 16/39 23:06 7:31 0:16
T.J Brodie 0 1 1 0 5 0 0 1 0 1 0/0 15:14 5:13 0:26
Zack Smith 0 0 0 0 0 0 0 0 0 0 3/4 7:08 0:00 0:00
3 Stars
1 - Jeremy Welsh (Bre)
2 - Markus Granlund (Bre)
3 - Nikita Alexeev (Bre)
Power Play
Diables - 0 on 2 Attempt(s) - 0.00%
Carnivores - 3 on 10 Attempt(s) - 30.00%
Penalty Kill
Diables - 7 on 10 Attempt(s) - 70.00%
- Score 0 goal in Penalty Kill
Carnivores - 2 on 2 Attempt(s) - 100.00%
- Score 0 goal in Penalty Kill
Team Stat
Diables - Hits : 15 - Faceoff Wins : 37 - Blocked Shots : 14 - Penalty Minutes : 25
Carnivores - Hits : 12 - Faceoff Wins : 36 - Blocked Shots : 13 - Penalty Minutes : 9
Official
Referees : Unknown
Linesman : Unknown
Game Notes
Carl Gunnarsson beats up T.J Brodie at 9:48 of 1st period
Finance
Level 1 -- Attendance: 1406 (70.30%) -- Ticket Income $56,240
Level 2 -- Attendance: 748 (74.80%) -- Ticket Income $14,960
Total Attendance: 2154 (71.80%)
Total Ticket Income: $71,200
Other Income: $3,560
Total Income: $74,760
Diables
5 vs 5 Forward
Center Left Wing Right Wing Time % Phy DF OF
1 Nick Bjugstad Brandon Prust Craig Smith 40 1 2 2
2 Tim Schaller Taylor Beck Jordan Caron 30 1 2 2
3 Louis Leblanc Christian Thomas Mikko Lehtonen 20 1 2 2
4 Elias Lindholm Brandon Prust Michal Repik 10 1 2 2
5 vs 5 Defense
Defense Defense Time % Phy DF OF
1 Carl Gunnarsson Brandon Burlon 40 1 2 2
2 Brian Dumoulin Jeff Petry 30 1 2 2
3 Pavel Valentenko Jamie Oleksiak 20 1 2 2
4 Keith Seabrook Andrew O'Brien 10 1 2 2
PowerPlay Forward
Center Left Wing Right Wing Time % Phy DF OF
1 Nick Bjugstad Brandon Prust Craig Smith 60 1 2 2
2 Tim Schaller Taylor Beck Jordan Caron 40 1 2 2
PowerPlay Defense
Defense Defense Time % Phy DF OF
1 Carl Gunnarsson Brandon Burlon 60 1 2 2
2 Brian Dumoulin Jeff Petry 40 1 2 2
Penalty Kill 4 Players Forward
Center Wing Time % Phy DF OF
1 Brandon Prust Craig Smith 60 1 2 2
2 Nick Bjugstad Tim Schaller 40 1 2 2
Penalty Kill 4 Players Defense
Defense Defense Time % Phy DF OF
1 Carl Gunnarsson Brandon Burlon 60 1 2 2
2 Brian Dumoulin Jeff Petry 40 1 2 2
Penalty Kill - 3 Players Forward
Forward Time % Phy DF OF
1 Brandon Prust 60 1 2 2
2 Craig Smith 40 1 2 2
Penalty Kill - 3 Players Defense
Defense Defense Time % Phy DF OF
1 Carl Gunnarsson Brandon Burlon 60 1 2 2
2 Brian Dumoulin Jeff Petry 40 1 2 2
4 vs 4 Forward
Center Wing Time % Phy DF OF
1 Brandon Prust Craig Smith 60 1 2 2
2 Nick Bjugstad Tim Schaller 40 1 2 2
4 vs 4 Defense
Defense Defense Time % Phy DF OF
1 Carl Gunnarsson Brandon Burlon 60 1 2 2
2 Brian Dumoulin Jeff Petry 40 1 2 2
Last Minutes Offensive
Center Left Wing Right Wing Defense Defense
Nick Bjugstad Brandon Prust Craig Smith Carl Gunnarsson Brandon Burlon
Last Minutes Defensive
Center Left Wing Right Wing Defense Defense
Nick Bjugstad Brandon Prust Craig Smith Carl Gunnarsson Brandon Burlon
Goaltenders
Starting : Malcolm Subban
Backup : Garret Sparks
Extra Forwards
Normal : Daniel Zaar, Mikko Lehtonen, Michal Repik - PP : Daniel Zaar, Mikko Lehtonen - PK : Michal Repik
Extra Defensemen
Normal : Pavel Valentenko, Jamie Oleksiak, Keith Seabrook - PP : Pavel Valentenko - PK : Jamie Oleksiak, Keith Seabrook
Penalty Shots
Brandon Prust, Craig Smith, Nick Bjugstad, Tim Schaller, Jordan Caron
Scratches
Stephen Harper (Healthy), Emil Djuse (Healthy), Gemel Smith (Healthy), Matt Lindblad (Healthy), Cole Cassels (Healthy)
Jeremy Gregoire (Healthy), Scott Harrington (Healthy), Mark Fraser (Fractured Left Foot Injury), Connor Hurley (Healthy), Gustav Olofsson (Healthy)
Andreas Johnsson (Healthy), Brett Ritchie (Healthy), Chris Bigras (Healthy), Artturi Lehkonen (Healthy), Marc-André Bourdon (Healthy)
Linus Ullmark (Healthy), Jack Campbell (Healthy)
Carnivores
5 vs 5 Forward
Center Left Wing Right Wing Time % Phy DF OF
1 Scott Laughton Blake Geoffrion Chris Lawrence 40 1 2 2
2 Markus Granlund Jeremy Welsh Nikita Alexeev 30 1 2 2
3 Anton Gustafsson Nicolas Kerdiles Jeremy Williams 20 1 2 2
4 Zack Smith Hunter Shinkaruk Mark McNeill 10 1 2 2
5 vs 5 Defense
Defense Defense Time % Phy DF OF
1 Mat Clark Nate Schmidt 40 1 2 2
2 Sasha Pokulok David Schlemko 30 1 2 2
3 T.J Brodie Josh Manson 20 1 2 2
4 Mattias Backman Nate Schmidt 10 1 2 2
PowerPlay Forward
Center Left Wing Right Wing Time % Phy DF OF
1 Scott Laughton Blake Geoffrion Jeremy Williams 60 1 1 3
2 Markus Granlund Jeremy Welsh Nikita Alexeev 40 1 1 3
PowerPlay Defense
Defense Defense Time % Phy DF OF
1 Mat Clark Nate Schmidt 60 1 2 2
2 T.J Brodie Sasha Pokulok 40 1 2 2
Penalty Kill 4 Players Forward
Center Wing Time % Phy DF OF
1 Frederik Gauthier Chris Lawrence 60 1 2 2
2 Anton Gustafsson Mark McNeill 40 1 2 2
Penalty Kill 4 Players Defense
Defense Defense Time % Phy DF OF
1 Sasha Pokulok Nate Schmidt 60 1 2 2
2 T.J Brodie David Schlemko 40 1 2 2
Penalty Kill - 3 Players Forward
Forward Time % Phy DF OF
1 Chris Lawrence 60 1 2 2
2 Anton Gustafsson 40 1 2 2
Penalty Kill - 3 Players Defense
Defense Defense Time % Phy DF OF
1 Sasha Pokulok Nate Schmidt 60 1 2 2
2 T.J Brodie David Schlemko 40 1 2 2
4 vs 4 Forward
Center Wing Time % Phy DF OF
1 Scott Laughton Blake Geoffrion 60 1 2 2
2 Nikita Alexeev Jeremy Welsh 40 1 2 2
4 vs 4 Defense
Defense Defense Time % Phy DF OF
1 Mat Clark Nate Schmidt 60 1 2 2
2 T.J Brodie David Schlemko 40 1 2 2
Last Minutes Offensive
Center Left Wing Right Wing Defense Defense
Scott Laughton Blake Geoffrion Chris Lawrence Nate Schmidt T.J Brodie
Last Minutes Defensive
Center Left Wing Right Wing Defense Defense
Frederik Gauthier Blake Geoffrion Mark McNeill Nate Schmidt T.J Brodie
Goaltenders
Starting : Niklas Svedberg
Backup : Antti Raanta
Extra Forwards
Normal : Curtis Lazar, Frederik Gauthier, Jeremy Williams - PP : Curtis Lazar, Jeremy Williams - PK : Frederik Gauthier
Extra Defensemen
Normal : Mattias Backman, T.J Brodie, David Schlemko - PP : Mattias Backman - PK : Mattias Backman, T.J Brodie
Penalty Shots
Blake Geoffrion, Markus Granlund, Chris Lawrence, Hunter Shinkaruk, Jeremy Welsh
Scratches
Adam Almquist (Healthy), Connor Clifton (Healthy), Stanislav Galiev (Healthy), Mark MacMillan (Healthy), Tyler Graovac (Healthy)
Troy Bourke (Healthy), Alexandre Mallet (Healthy), Michael Schumacher (Healthy), Tristan Jarry (Healthy)
% Time on Ice - Diables
Lines # - Real PCT - Wanted PCT - Time Play
Normal Forward
1 - 30% - 40% - 12:20
2 - 33% - 30% - 13:32
3 - 25% - 20% - 10:06
4 - 12% - 10% - 5:04
Normal Defense
1 - 39% - 40% - 16:01
2 - 30% - 30% - 12:24
3 - 21% - 20% - 8:25
4 - 10% - 10% - 4:12
PP Forward
1 - 68% - 60% - 1:42
2 - 32% - 40% - 0:47
PP Defense
1 - 78% - 60% - 1:56
2 - 22% - 40% - 0:33
PK Forward
1 - 70% - 60% - 10:31
2 - 30% - 40% - 4:29
PK Defense
1 - 60% - 60% - 9:04
2 - 40% - 40% - 5:56
PK3 Forward
1 - 0% - 60%
2 - 0% - 40%
PK3 Defense
1 - 0% - 60%
2 - 0% - 40%
44 Forward
1 - 78% - 60% - 1:09
2 - 22% - 40% - 0:20
44 Defense
1 - 88% - 60% - 1:18
2 - 12% - 40% - 0:11
Last Minute Offensive - 0:00
Last Minute Defensive - 0:00
Total
Forward - 60:00
Defense - 60:00
|
% Time on Ice - Carnivores
Lines # - Real PCT - Wanted PCT - Time Play
Normal Forward
1 - 36% - 40% - 14:58
2 - 26% - 30% - 10:33
3 - 20% - 20% - 8:23
4 - 17% - 10% - 7:08
Normal Defense
1 - 38% - 40% - 15:26
2 - 33% - 30% - 13:25
3 - 23% - 20% - 9:24
4 - 7% - 10% - 2:47
PP Forward
1 - 52% - 60% - 7:47
2 - 48% - 40% - 7:13
PP Defense
1 - 58% - 60% - 8:39
2 - 42% - 40% - 6:21
PK Forward
1 - 89% - 60% - 2:12
2 - 11% - 40% - 0:17
PK Defense
1 - 83% - 60% - 2:03
2 - 17% - 40% - 0:26
PK3 Forward
1 - 0% - 60%
2 - 0% - 40%
PK3 Defense
1 - 0% - 60%
2 - 0% - 40%
44 Forward
1 - 78% - 60% - 1:09
2 - 22% - 40% - 0:20
44 Defense
1 - 58% - 60% - 0:52
2 - 42% - 40% - 0:37
Last Minute Offensive - 0:00
Last Minute Defensive - 0:00
Total
Forward - 60:00
Defense - 60:00
|
Play by Play
1st period
0:01 of 1st period - Nick Bjugstad wins face-off versus Scott Laughton in neutral zone.
0:33 of 1st period - Slapshot by Jordan Caron.
0:33 of 1st period - Shot Blocked by Mat Clark.
0:49 of 1st period - Snap shot by Mikko Lehtonen.
0:49 of 1st period - Shot Misses the Net.
1:01 of 1st period - Minor Penalty to Louis Leblanc for Roughing.
1:02 of 1st period - Brandon Prust wins face-off versus Scott Laughton in Diables zone.
2:35 of 1st period - T.J Brodie is hit by Taylor Beck and loses puck.
3:01 of 1st period - Penalty to Louis Leblanc is over, Louis Leblanc is back on ice.
3:02 of 1st period - Carl Gunnarsson is hit by Nicolas Kerdiles and loses puck.
4:35 of 1st period - Craig Smith is hit by Scott Laughton and loses puck.
6:28 of 1st period - Off-side.
6:29 of 1st period - Markus Granlund wins face-off versus Tim Schaller in neutral zone.
6:32 of 1st period - Wrist shot by Nikita Alexeev.
6:32 of 1st period - Stopped by Malcolm Subban without a rebound.
6:33 of 1st period - Tim Schaller wins face-off versus Markus Granlund in Diables zone.
6:40 of 1st period - Slapshot by Tim Schaller.
6:40 of 1st period - Deflect By Jordan Caron.
6:40 of 1st period - Stopped by Niklas Svedberg without a rebound.
6:41 of 1st period - Scott Laughton wins face-off versus Craig Smith in Carnivores zone.
6:46 of 1st period - Slapshot by Chris Lawrence.
6:46 of 1st period - Stopped by Malcolm Subban with a rebound.
6:54 of 1st period - Wrist shot by Chris Lawrence.
6:54 of 1st period - Deflect By Blake Geoffrion.
6:54 of 1st period - Stopped by Malcolm Subban without a rebound.
6:55 of 1st period - Scott Laughton wins face-off versus Nick Bjugstad in Diables zone.
7:04 of 1st period - Wrist shot by Blake Geoffrion.
7:04 of 1st period - Stopped by Malcolm Subban without a rebound.
7:05 of 1st period - Craig Smith wins face-off versus Scott Laughton in Diables zone.
7:14 of 1st period - Wrist shot by Nick Bjugstad.
7:14 of 1st period - Shot Blocked by Scott Laughton.
7:20 of 1st period - Slapshot by Scott Laughton.
7:20 of 1st period - Goal by Scott Laughton - Diables : 0 - Carnivores : 1.
7:21 of 1st period - Chris Lawrence wins face-off versus Nick Bjugstad in neutral zone.
7:26 of 1st period - Snap shot by Blake Geoffrion.
7:26 of 1st period - Shot Misses the Net.
7:34 of 1st period - Wrist shot by Craig Smith.
7:34 of 1st period - Shot Misses the Net.
7:36 of 1st period - Snap shot by Craig Smith.
7:36 of 1st period - Stopped by Niklas Svedberg with a rebound.
8:09 of 1st period - Jeremy Williams is hit by Louis Leblanc and loses puck.
8:19 of 1st period - Off-side.
8:20 of 1st period - Nick Bjugstad wins face-off versus Scott Laughton in neutral zone.
8:23 of 1st period - Snap shot by Craig Smith.
8:23 of 1st period - Stopped by Niklas Svedberg with a rebound.
8:34 of 1st period - Blake Geoffrion is hit by Nick Bjugstad and loses puck.
9:01 of 1st period - Jeremy Welsh is hit by Tim Schaller.
9:17 of 1st period - Wrist shot by Louis Leblanc.
9:17 of 1st period - Deflect By Christian Thomas.
9:17 of 1st period - Shot Blocked by Sasha Pokulok.
9:17 of 1st period - Puck is out of play.
9:18 of 1st period - Anton Gustafsson wins face-off versus Christian Thomas in Carnivores zone.
9:29 of 1st period - Slapshot by Jeremy Williams.
9:29 of 1st period - Stopped by Malcolm Subban with a rebound.
9:31 of 1st period - Slapshot by Mat Clark.
9:31 of 1st period - Shot Blocked by Jeff Petry.
9:33 of 1st period - Slapshot by Mat Clark.
9:33 of 1st period - Shot Blocked by Brian Dumoulin.
9:35 of 1st period - Slapshot by Nate Schmidt.
9:35 of 1st period - Stopped by Malcolm Subban with a rebound.
9:37 of 1st period - Wrist shot by Nicolas Kerdiles.
9:37 of 1st period - Shot Misses the Net.
9:39 of 1st period - Wrist shot by Anton Gustafsson.
9:39 of 1st period - Shot Blocked by Louis Leblanc.
9:41 of 1st period - Slapshot by Nate Schmidt.
9:41 of 1st period - Stopped by Malcolm Subban without a rebound.
9:42 of 1st period - Scott Laughton wins face-off versus Craig Smith in Diables zone.
9:48 of 1st period - Carl Gunnarsson beats up T.J Brodie.
9:48 of 1st period - Penalty to T.J Brodie for Fighting.
9:48 of 1st period - Penalty to Carl Gunnarsson for Fighting.
9:49 of 1st period - Nick Bjugstad wins face-off versus Scott Laughton in Diables zone.
9:57 of 1st period - Icing by Nate Schmidt.
9:58 of 1st period - Nick Bjugstad wins face-off versus Scott Laughton in Carnivores zone.
10:11 of 1st period - Chris Lawrence is hit by Nick Bjugstad and loses puck.
10:22 of 1st period - Snap shot by Chris Lawrence.
10:22 of 1st period - Shot Misses the Net.
10:26 of 1st period - Slapshot by Blake Geoffrion.
10:26 of 1st period - Shot Blocked by Brandon Burlon.
10:28 of 1st period - Snap shot by Chris Lawrence.
10:28 of 1st period - Shot Misses the Net.
10:35 of 1st period - Minor Penalty to Nick Bjugstad for Tripping.
10:36 of 1st period - Brandon Prust wins face-off versus Markus Granlund in Diables zone.
12:35 of 1st period - Penalty to Nick Bjugstad is over, Nick Bjugstad is back on ice.
12:47 of 1st period - Slapshot by Hunter Shinkaruk.
12:47 of 1st period - Stopped by Malcolm Subban with a rebound.
12:49 of 1st period - Slapshot by Hunter Shinkaruk.
12:49 of 1st period - Shot Blocked by Keith Seabrook.
15:13 of 1st period - Off-side.
15:14 of 1st period - Zack Smith wins face-off versus Tim Schaller in neutral zone.
15:44 of 1st period - Snap shot by Markus Granlund.
15:44 of 1st period - Shot Blocked by Jamie Oleksiak.
15:46 of 1st period - Slapshot by Nate Schmidt.
15:46 of 1st period - Stopped by Malcolm Subban without a rebound.
15:47 of 1st period - Scott Laughton wins face-off versus Nick Bjugstad in Diables zone.
16:08 of 1st period - Minor Penalty to Carl Gunnarsson for Roughing.
16:09 of 1st period - Brandon Prust wins face-off versus Scott Laughton in Diables zone.
16:34 of 1st period - Brandon Burlon is hit by Markus Granlund and loses puck.
16:46 of 1st period - Icing by Nate Schmidt.
16:47 of 1st period - Nick Bjugstad wins face-off versus Scott Laughton in Carnivores zone.
17:46 of 1st period - Wrist shot by Markus Granlund.
17:46 of 1st period - Shot Misses the Net.
17:48 of 1st period - Slapshot by Jeremy Welsh.
17:48 of 1st period - Goal by Jeremy Welsh - Diables : 0 - Carnivores : 2.
17:49 of 1st period - Jordan Caron wins face-off versus Blake Geoffrion in neutral zone.
18:14 of 1st period - Nicolas Kerdiles is hit by Craig Smith and loses puck.
18:41 of 1st period - Backhand shot by Louis Leblanc.
18:41 of 1st period - Goal by Louis Leblanc - Diables : 1 - Carnivores : 2.
18:42 of 1st period - Nick Bjugstad wins face-off versus Scott Laughton in neutral zone.
19:16 of 1st period - Jordan Caron is hit by Jeremy Williams and loses puck.
Goals for this period are 1 for Diables vs 2 for Carnivores.
Shots for this period are 4 for Diables vs 11 for Carnivores.
2nd period
0:01 of 2nd period - Nick Bjugstad wins face-off versus Scott Laughton in neutral zone.
0:13 of 2nd period - Slapshot by Blake Geoffrion.
0:13 of 2nd period - Deflect By Scott Laughton.
0:13 of 2nd period - Shot Misses the Net.
0:13 of 2nd period - Puck is out of play.
0:14 of 2nd period - Brandon Prust wins face-off versus Markus Granlund in Diables zone.
0:27 of 2nd period - Snap shot by Nikita Alexeev.
0:27 of 2nd period - Stopped by Malcolm Subban without a rebound.
0:28 of 2nd period - Tim Schaller wins face-off versus Scott Laughton in Diables zone.
0:41 of 2nd period - Snap shot by Taylor Beck.
0:41 of 2nd period - Stopped by Niklas Svedberg without a rebound.
0:42 of 2nd period - Markus Granlund wins face-off versus Nick Bjugstad in Carnivores zone.
0:47 of 2nd period - Snap shot by Markus Granlund.
0:47 of 2nd period - Goal by Markus Granlund - Diables : 1 - Carnivores : 3.
0:48 of 2nd period - Nick Bjugstad wins face-off versus Scott Laughton in neutral zone.
1:20 of 2nd period - Slapshot by Tim Schaller.
1:20 of 2nd period - Deflect By Taylor Beck.
1:20 of 2nd period - Stopped by Niklas Svedberg with a rebound.
1:36 of 2nd period - Nate Schmidt is hit by Mikko Lehtonen and loses puck.
2:18 of 2nd period - Icing by Taylor Beck.
2:19 of 2nd period - Zack Smith wins face-off versus Craig Smith in Diables zone.
2:20 of 2nd period - Snap shot by Mark McNeill.
2:20 of 2nd period - Stopped by Malcolm Subban without a rebound.
2:21 of 2nd period - Mark McNeill wins face-off versus Nick Bjugstad in Diables zone.
2:31 of 2nd period - Off-side.
2:32 of 2nd period - Scott Laughton wins face-off versus Brandon Prust in neutral zone.
2:57 of 2nd period - Mat Clark is hit by Brandon Burlon and loses puck.
3:08 of 2nd period - Backhand shot by Blake Geoffrion.
3:08 of 2nd period - Stopped by Malcolm Subban without a rebound.
3:09 of 2nd period - Markus Granlund wins face-off versus Nick Bjugstad in Diables zone.
3:12 of 2nd period - Snap shot by Nikita Alexeev.
3:12 of 2nd period - Stopped by Malcolm Subban with a rebound.
3:14 of 2nd period - Slapshot by Sasha Pokulok.
3:14 of 2nd period - Shot Misses the Net.
3:16 of 2nd period - Wrist shot by Nikita Alexeev.
3:16 of 2nd period - Deflect By Jeremy Welsh.
3:16 of 2nd period - Shot Blocked by Nick Bjugstad.
3:16 of 2nd period - Puck is out of play.
3:17 of 2nd period - Markus Granlund wins face-off versus Nick Bjugstad in Diables zone.
3:22 of 2nd period - Slapshot by Jeremy Welsh.
3:22 of 2nd period - Shot Blocked by Jeff Petry.
3:44 of 2nd period - Snap shot by Nikita Alexeev.
3:44 of 2nd period - Shot Blocked by Brian Dumoulin.
5:20 of 2nd period - Taylor Beck is hit by Josh Manson.
5:23 of 2nd period - Off-side.
5:24 of 2nd period - Anton Gustafsson wins face-off versus Tim Schaller in neutral zone.
5:37 of 2nd period - Wrist shot by Nicolas Kerdiles.
5:37 of 2nd period - Stopped by Malcolm Subban without a rebound.
5:38 of 2nd period - Tim Schaller wins face-off versus Scott Laughton in Diables zone.
5:51 of 2nd period - Minor Penalty to Brian Dumoulin for Tripping.
5:52 of 2nd period - Brandon Prust wins face-off versus Scott Laughton in Diables zone.
6:17 of 2nd period - Nick Bjugstad is hit by Jeremy Welsh and loses puck.
6:26 of 2nd period - Snap shot by Markus Granlund.
6:26 of 2nd period - Stopped by Malcolm Subban without a rebound.
6:27 of 2nd period - Scott Laughton wins face-off versus Brandon Prust in Diables zone.
6:35 of 2nd period - Snap shot by Craig Smith.
6:35 of 2nd period - Shot Misses the Net.
7:51 of 2nd period - Penalty to Brian Dumoulin is over, Brian Dumoulin is back on ice.
8:22 of 2nd period - Taylor Beck is hit by Jeremy Williams and loses puck.
8:34 of 2nd period - Off-side.
8:35 of 2nd period - Scott Laughton wins face-off versus Elias Lindholm in neutral zone.
8:46 of 2nd period - Wrist shot by Blake Geoffrion.
8:46 of 2nd period - Shot Misses the Net.
8:48 of 2nd period - Wrist shot by Mat Clark.
8:48 of 2nd period - Stopped by Malcolm Subban with a rebound.
8:58 of 2nd period - Jordan Caron is hit by Jeremy Welsh and loses puck.
9:29 of 2nd period - Wrist shot by Mark McNeill.
9:29 of 2nd period - Stopped by Malcolm Subban without a rebound.
9:30 of 2nd period - Craig Smith wins face-off versus Scott Laughton in Diables zone.
10:39 of 2nd period - Brandon Prust is hit by Mat Clark and loses puck.
10:46 of 2nd period - Slapshot by Zack Smith.
10:46 of 2nd period - Shot Blocked by Keith Seabrook.
10:48 of 2nd period - Slapshot by Nate Schmidt.
10:48 of 2nd period - Shot Misses the Net.
10:58 of 2nd period - Slapshot by Louis Leblanc.
10:58 of 2nd period - Stopped by Niklas Svedberg with a rebound.
11:00 of 2nd period - Snap shot by Christian Thomas.
11:00 of 2nd period - Stopped by Niklas Svedberg with a rebound.
11:22 of 2nd period - Off-side.
11:23 of 2nd period - Scott Laughton wins face-off versus Brandon Prust in neutral zone.
12:14 of 2nd period - Snap shot by Taylor Beck.
12:14 of 2nd period - Shot Misses the Net.
12:22 of 2nd period - Snap shot by Anton Gustafsson.
12:22 of 2nd period - Stopped by Malcolm Subban without a rebound.
12:23 of 2nd period - Nick Bjugstad wins face-off versus Chris Lawrence in Diables zone.
12:37 of 2nd period - Wrist shot by Nick Bjugstad.
12:37 of 2nd period - Shot Misses the Net.
12:39 of 2nd period - Backhand shot by Jamie Oleksiak.
12:39 of 2nd period - Stopped by Niklas Svedberg without a rebound.
12:40 of 2nd period - Markus Granlund wins face-off versus Taylor Beck in Carnivores zone.
13:05 of 2nd period - Mat Clark is hit by Christian Thomas and loses puck.
13:30 of 2nd period - Sasha Pokulok is hit by Craig Smith and loses puck.
13:37 of 2nd period - Snap shot by Brandon Prust.
13:37 of 2nd period - Stopped by Niklas Svedberg without a rebound.
13:38 of 2nd period - Tim Schaller wins face-off versus Markus Granlund in Carnivores zone.
13:49 of 2nd period - Slapshot by Taylor Beck.
13:49 of 2nd period - Shot Blocked by Markus Granlund.
13:51 of 2nd period - Snap shot by Taylor Beck.
13:51 of 2nd period - Stopped by Niklas Svedberg with a rebound.
13:53 of 2nd period - Wrist shot by Pavel Valentenko.
13:53 of 2nd period - Shot Blocked by David Schlemko.
14:11 of 2nd period - Snap shot by Nick Bjugstad.
14:11 of 2nd period - Stopped by Niklas Svedberg with a rebound.
14:19 of 2nd period - Minor Penalty to Blake Geoffrion for Hooking.
14:20 of 2nd period - Nick Bjugstad wins face-off versus Frederik Gauthier in Carnivores zone.
14:25 of 2nd period - Slapshot by Craig Smith.
14:25 of 2nd period - Shot Misses the Net.
14:27 of 2nd period - Slapshot by Brandon Burlon.
14:27 of 2nd period - Shot Blocked by Sasha Pokulok.
14:29 of 2nd period - Wrist shot by Nick Bjugstad.
14:29 of 2nd period - Stopped by Niklas Svedberg without a rebound.
14:30 of 2nd period - Frederik Gauthier wins face-off versus Nick Bjugstad in Carnivores zone.
14:47 of 2nd period - Snap shot by Craig Smith.
14:47 of 2nd period - Shot Blocked by Nate Schmidt.
14:49 of 2nd period - Slapshot by Brandon Burlon.
14:49 of 2nd period - Stopped by Niklas Svedberg with a rebound.
14:51 of 2nd period - Wrist shot by Craig Smith.
14:51 of 2nd period - Shot Misses the Net.
14:53 of 2nd period - Snap shot by Craig Smith.
14:53 of 2nd period - Stopped by Niklas Svedberg without a rebound.
14:54 of 2nd period - Chris Lawrence wins face-off versus Tim Schaller in Carnivores zone.
15:07 of 2nd period - Wrist shot by Tim Schaller.
15:07 of 2nd period - Deflect By Sasha Pokulok.
15:07 of 2nd period - Shot Misses the Net.
15:07 of 2nd period - Puck is out of play.
15:08 of 2nd period - Frederik Gauthier wins face-off versus Nick Bjugstad in Carnivores zone.
16:19 of 2nd period - Penalty to Blake Geoffrion is over, Blake Geoffrion is back on ice.
16:24 of 2nd period - Off-side.
16:25 of 2nd period - Louis Leblanc wins face-off versus Markus Granlund in neutral zone.
17:28 of 2nd period - Josh Manson is hit by Brandon Burlon and loses puck.
17:53 of 2nd period - Slapshot by Jeremy Welsh.
17:53 of 2nd period - Deflect By Markus Granlund.
17:53 of 2nd period - Shot Blocked by Brian Dumoulin.
17:53 of 2nd period - Puck is out of play.
17:54 of 2nd period - Anton Gustafsson wins face-off versus Louis Leblanc in Diables zone.
17:57 of 2nd period - Snap shot by Nicolas Kerdiles.
17:57 of 2nd period - Deflect By Anton Gustafsson.
17:57 of 2nd period - Stopped by Malcolm Subban without a rebound.
17:58 of 2nd period - Louis Leblanc wins face-off versus Jeremy Williams in Diables zone.
18:00 of 2nd period - Minor Penalty to Keith Seabrook for Goalie Interference.
18:01 of 2nd period - Brandon Prust wins face-off versus Scott Laughton in Diables zone.
18:01 of 2nd period - Brandon Prust is hit by Blake Geoffrion.
18:23 of 2nd period - Icing by Nate Schmidt.
18:24 of 2nd period - Brandon Prust wins face-off versus Scott Laughton in Carnivores zone.
18:30 of 2nd period - Minor Penalty to Mat Clark for Interference.
18:31 of 2nd period - Blake Geoffrion wins face-off versus Brandon Prust in Carnivores zone.
18:38 of 2nd period - Slapshot by Nate Schmidt.
18:38 of 2nd period - Shot Hit the Post.
18:40 of 2nd period - Snap shot by Nate Schmidt.
18:40 of 2nd period - Shot Misses the Net.
18:42 of 2nd period - Slapshot by Scott Laughton.
18:42 of 2nd period - Shot Misses the Net.
18:44 of 2nd period - Slapshot by Blake Geoffrion.
18:44 of 2nd period - Shot Misses the Net.
18:46 of 2nd period - Snap shot by Nate Schmidt.
18:46 of 2nd period - Deflect By Blake Geoffrion.
18:46 of 2nd period - Stopped by Malcolm Subban without a rebound.
18:47 of 2nd period - Craig Smith wins face-off versus Scott Laughton in Diables zone.
19:55 of 2nd period - Snap shot by Scott Laughton.
19:55 of 2nd period - Shot Misses the Net.
0:00 of 3rd period - Penalty to Keith Seabrook is over, Keith Seabrook is back on ice.
Goals for this period are 0 for Diables vs 1 for Carnivores.
Shots for this period are 11 for Diables vs 12 for Carnivores.
3rd period
0:01 of 3rd period - Nick Bjugstad wins face-off versus Frederik Gauthier in neutral zone.
0:11 of 3rd period - Snap shot by Craig Smith.
0:11 of 3rd period - Stopped by Niklas Svedberg without a rebound.
0:12 of 3rd period - Nick Bjugstad wins face-off versus Frederik Gauthier in Carnivores zone.
0:19 of 3rd period - Wrist shot by Chris Lawrence.
0:19 of 3rd period - Shot Blocked by Brandon Burlon.
0:21 of 3rd period - Wrist shot by Frederik Gauthier.
0:21 of 3rd period - Stopped by Malcolm Subban with a rebound.
0:23 of 3rd period - Slapshot by Nate Schmidt.
0:23 of 3rd period - Shot Misses the Net.
0:25 of 3rd period - Slapshot by Nate Schmidt.
0:25 of 3rd period - Shot Misses the Net.
0:27 of 3rd period - Snap shot by Frederik Gauthier.
0:27 of 3rd period - Stopped by Malcolm Subban with a rebound.
0:30 of 3rd period - Penalty to Mat Clark is over, Mat Clark is back on ice.
0:37 of 3rd period - Wrist shot by Markus Granlund.
0:37 of 3rd period - Stopped by Malcolm Subban with a rebound.
1:01 of 3rd period - T.J Brodie is hit by Louis Leblanc and loses puck.
1:10 of 3rd period - Slapshot by Mikko Lehtonen.
1:10 of 3rd period - Shot Blocked by Jeremy Williams.
1:48 of 3rd period - Snap shot by Nikita Alexeev.
1:48 of 3rd period - Stopped by Malcolm Subban without a rebound.
1:49 of 3rd period - Louis Leblanc wins face-off versus Scott Laughton in Diables zone.
2:19 of 3rd period - Slapshot by Nick Bjugstad.
2:19 of 3rd period - Shot Blocked by Markus Granlund.
2:21 of 3rd period - Snap shot by Brandon Prust.
2:21 of 3rd period - Shot Blocked by Nikita Alexeev.
2:23 of 3rd period - Slapshot by Jamie Oleksiak.
2:23 of 3rd period - Shot Misses the Net.
2:25 of 3rd period - Slapshot by Jamie Oleksiak.
2:25 of 3rd period - Stopped by Niklas Svedberg without a rebound.
2:26 of 3rd period - Anton Gustafsson wins face-off versus Tim Schaller in Carnivores zone.
2:40 of 3rd period - Off-side.
2:41 of 3rd period - Nick Bjugstad wins face-off versus Scott Laughton in neutral zone.
2:46 of 3rd period - Wrist shot by Craig Smith.
2:46 of 3rd period - Shot Misses the Net.
2:48 of 3rd period - Snap shot by Nick Bjugstad.
2:48 of 3rd period - Deflect By Craig Smith.
2:48 of 3rd period - Shot Blocked by Mat Clark.
2:48 of 3rd period - Puck is out of play.
2:49 of 3rd period - Scott Laughton wins face-off versus Craig Smith in Carnivores zone.
2:54 of 3rd period - Slapshot by Nate Schmidt.
2:54 of 3rd period - Shot Blocked by Carl Gunnarsson.
3:15 of 3rd period - Minor Penalty to Carl Gunnarsson for Hooking.
3:16 of 3rd period - Brandon Prust wins face-off versus Scott Laughton in Diables zone.
3:21 of 3rd period - Icing by Scott Laughton.
3:22 of 3rd period - Brandon Prust wins face-off versus Scott Laughton in Carnivores zone.
3:23 of 3rd period - Wrist shot by Craig Smith.
3:23 of 3rd period - Shot Misses the Net.
5:15 of 3rd period - Penalty to Carl Gunnarsson is over, Carl Gunnarsson is back on ice.
5:28 of 3rd period - Snap shot by Mikko Lehtonen.
5:28 of 3rd period - Stopped by Niklas Svedberg without a rebound.
5:29 of 3rd period - Zack Smith wins face-off versus Tim Schaller in Carnivores zone.
5:52 of 3rd period - Zack Smith is hit by Taylor Beck and loses puck.
6:12 of 3rd period - Wrist shot by Tim Schaller.
6:12 of 3rd period - Shot Misses the Net.
6:50 of 3rd period - Snap shot by Tim Schaller.
6:50 of 3rd period - Shot Blocked by Hunter Shinkaruk.
6:52 of 3rd period - Snap shot by Taylor Beck.
6:52 of 3rd period - Deflect By Tim Schaller.
6:52 of 3rd period - Shot Misses the Net.
6:52 of 3rd period - Puck is out of play.
6:53 of 3rd period - Chris Lawrence wins face-off versus Nick Bjugstad in Carnivores zone.
7:14 of 3rd period - Minor Penalty to Nick Bjugstad for Roughing.
7:15 of 3rd period - Brandon Prust wins face-off versus Scott Laughton in Diables zone.
9:14 of 3rd period - Penalty to Nick Bjugstad is over, Nick Bjugstad is back on ice.
9:36 of 3rd period - Snap shot by Nick Bjugstad.
9:36 of 3rd period - Stopped by Niklas Svedberg with a rebound.
9:38 of 3rd period - Slapshot by Louis Leblanc.
9:38 of 3rd period - Stopped by Niklas Svedberg with a rebound.
9:40 of 3rd period - Wrist shot by Nick Bjugstad.
9:40 of 3rd period - Stopped by Niklas Svedberg without a rebound.
9:41 of 3rd period - Elias Lindholm wins face-off versus Zack Smith in Carnivores zone.
10:11 of 3rd period - Slapshot by Sasha Pokulok.
10:11 of 3rd period - Shot Misses the Net.
10:45 of 3rd period - Wrist shot by Craig Smith.
10:45 of 3rd period - Shot Misses the Net.
10:47 of 3rd period - Slapshot by Carl Gunnarsson.
10:47 of 3rd period - Shot Blocked by T.J Brodie.
12:32 of 3rd period - Snap shot by Nicolas Kerdiles.
12:32 of 3rd period - Shot Misses the Net.
12:40 of 3rd period - Brian Dumoulin is hit by Jeremy Williams and loses puck.
12:47 of 3rd period - Mat Clark is hit by Mikko Lehtonen and loses puck.
13:08 of 3rd period - Snap shot by Anton Gustafsson.
13:08 of 3rd period - Shot Misses the Net.
13:10 of 3rd period - Slapshot by Nate Schmidt.
13:10 of 3rd period - Stopped by Malcolm Subban without a rebound.
13:11 of 3rd period - Scott Laughton wins face-off versus Nick Bjugstad in Diables zone.
13:18 of 3rd period - Slapshot by Blake Geoffrion.
13:18 of 3rd period - Stopped by Malcolm Subban with a rebound.
13:20 of 3rd period - Slapshot by David Schlemko.
13:20 of 3rd period - Stopped by Malcolm Subban with a rebound.
13:22 of 3rd period - Slapshot by Sasha Pokulok.
13:22 of 3rd period - Stopped by Malcolm Subban with a rebound.
13:24 of 3rd period - Backhand shot by Blake Geoffrion.
13:24 of 3rd period - Shot Misses the Net.
13:26 of 3rd period - Slapshot by David Schlemko.
13:26 of 3rd period - Shot Blocked by Craig Smith.
13:32 of 3rd period - Minor Penalty to Brandon Prust for Holding.
13:33 of 3rd period - Scott Laughton wins face-off versus Michal Repik in Diables zone.
13:34 of 3rd period - Snap shot by Blake Geoffrion.
13:34 of 3rd period - Stopped by Malcolm Subban with a rebound.
13:36 of 3rd period - Snap shot by T.J Brodie.
13:36 of 3rd period - Shot Misses the Net.
13:38 of 3rd period - Backhand shot by Jeremy Williams.
13:38 of 3rd period - Goal by Jeremy Williams - Diables : 1 - Carnivores : 4.
13:39 of 3rd period - Scott Laughton wins face-off versus Nick Bjugstad in neutral zone.
13:45 of 3rd period - Minor Penalty to Brandon Prust for Tripping.
13:46 of 3rd period - Scott Laughton wins face-off versus Michal Repik in Diables zone.
13:58 of 3rd period - Slapshot by Mat Clark.
13:58 of 3rd period - Shot Misses the Net.
14:00 of 3rd period - Snap shot by Jeremy Williams.
14:00 of 3rd period - Stopped by Malcolm Subban with a rebound.
14:02 of 3rd period - Slapshot by Mat Clark.
14:02 of 3rd period - Stopped by Malcolm Subban without a rebound.
14:03 of 3rd period - Markus Granlund wins face-off versus Michal Repik in Diables zone.
14:06 of 3rd period - Slapshot by Jeremy Welsh.
14:06 of 3rd period - Stopped by Malcolm Subban without a rebound.
14:07 of 3rd period - Michal Repik wins face-off versus Markus Granlund in Diables zone.
14:26 of 3rd period - Carl Gunnarsson is hit by Markus Granlund and loses puck.
14:35 of 3rd period - Snap shot by Jeremy Welsh.
14:35 of 3rd period - Goal by Jeremy Welsh - Diables : 1 - Carnivores : 5.
14:36 of 3rd period - Scott Laughton wins face-off versus Nick Bjugstad in neutral zone.
15:50 of 3rd period - Wrist shot by Brandon Prust.
15:50 of 3rd period - Stopped by Niklas Svedberg without a rebound.
15:51 of 3rd period - Scott Laughton wins face-off versus Elias Lindholm in Carnivores zone.
16:04 of 3rd period - Wrist shot by Brandon Prust.
16:04 of 3rd period - Shot Misses the Net.
16:06 of 3rd period - Slapshot by Jeff Petry.
16:06 of 3rd period - Deflect By Elias Lindholm.
16:06 of 3rd period - Stopped by Niklas Svedberg with a rebound.
16:08 of 3rd period - Slapshot by Brian Dumoulin.
16:08 of 3rd period - Deflect By Michal Repik.
16:08 of 3rd period - Shot Misses the Net.
16:08 of 3rd period - Puck is out of play.
16:09 of 3rd period - Tim Schaller wins face-off versus Markus Granlund in Carnivores zone.
16:30 of 3rd period - Minor Penalty to Jeff Petry for Holding.
16:31 of 3rd period - Scott Laughton wins face-off versus Brandon Prust in Diables zone.
18:30 of 3rd period - Penalty to Jeff Petry is over, Jeff Petry is back on ice.
19:03 of 3rd period - Wrist shot by Tim Schaller.
19:03 of 3rd period - Shot Misses the Net.
19:43 of 3rd period - Mattias Backman is hit by Taylor Beck and loses puck.
Goals for this period are 0 for Diables vs 2 for Carnivores.
Shots for this period are 8 for Diables vs 14 for Carnivores.
Back to the Top